 Dungeon Crawl Stone Soup version 0.31-a0-8-gd14b0f4ee2 (webtiles) character file.

Game seed: 8486320519016509705

1665 bande the Chopper (level 9, -5/54 HPs)
             Began as a Gargoyle Fighter on May 7, 2023.
             Was a Follower of Okawaru.
             Slain by an orc warrior
             ... wielding a +0 glaive
              (10 damage)
             ... on level 7 of the Dungeon.
             The game lasted 00:16:02 (5032 turns).

bande the Chopper (Gargoyle Fighter)                Turns: 5032, Time: 00:16:02

Health: -5/54      AC: 21    Str: 20    XL:     9   Next: 1%
Magic:  0/11       EV:  9    Int:  9    God:    Okawaru [*.....]
Gold:   218        SH:  6    Dex: 13    Spells: 8/8 levels left

rFire   + + .        i - +1 broad axe (elec)
rCold   . . .        c - +1 buckler
rNeg    + . .        b - +0 scale mail
rPois   ∞            (helmet restricted)
rElec   +            m - +5 cloak of Xuahutz {rF+}
rCorr   .            (no gloves)
SInv    .            s - +0 pair of boots
Will    +....        u - amulet of guardian spirit Stlth
                     n - ring of willpower
HPRegen 0.29/turn    t - ring of protection from fire
MPRegen 0.12/turn

%: guardian spirit
@: no status effects
A: sickness immunity, AC +6, negative energy resistance 1, electricity
resistance, torment resistance 1, petrification resistance, horns 1, wild magic
1
a: Renounce Religion, Heroism


You were on level 7 of the Dungeon.
You worshipped Okawaru.
Okawaru was aware of your devotion.
You visited 2 branches of the dungeon, and saw 8 of its levels.
You also visited: Sewer.

You collected 218 gold pieces.

Inventory:

Hand Weapons
 a - a +1 war axe
 e - a +1 hand axe of flaming
 i - a +1 broad axe of electrocution (weapon)
Armour
 b - a +0 scale mail (worn)
 c - a +1 buckler (worn)
 m - the +5 cloak of Xuahutz (worn) {rF+}
   (You acquired it on level 3 of the Dungeon)

   rF:        It protects you from fire.
 p - a +2 ring mail of fire resistance
 s - a +0 pair of boots (worn)
Jewellery
 j - an amulet of the acrobat
 k - a ring of ice
 n - a ring of willpower (left hand)
 t - a ring of protection from fire (right hand)
 u - an amulet of guardian spirit (around neck)
Wands
 o - a wand of paralysis (14)
 v - a wand of roots (14)
Scrolls
 g - a scroll of poison
 q - a scroll of amnesia
 w - a scroll of enchant armour
Potions
 d - 3 potions of might
 f - 2 potions of curing
 h - 4 potions of heal wounds
 l - a potion of invisibility {unknown}
 r - 2 potions of cancellation {unknown}


   Skills:
 + Level 5.2 Fighting
 + Level 7.0 Axes
 + Level 5.4 Armour
 - Level 0.2 Dodging
 + Level 4.6 Shields
 * Level 3.0 Invocations
 * Level 3.8 Evocations


You had 8 spell levels left.
You didn't know any spells.
Your spell library contained the following spells:

 Spells                   Type           Power      Damage    Failure   Level
 Slow                     Hex            0%         N/A       86%         1
 Confusing Touch          Hex            0%         N/A       99%         3
 Portal Projectile        Hex/Tloc       0%         N/A       99%         3
 Vampiric Draining        Necr           0%         2d6       99%         3
 Blade Hands              Tmut           0%         N/A       100%        5
 Iron Shot                Conj/Erth      0%         9d1       100%        6
 Tukima's Dance           Hex            Unusable   N/A       N/A         3
 Animate Armour           Summ/Erth      Unusable   N/A       N/A         4
 Animate Dead             Necr           Unusable   N/A       N/A         4
 Haunt                    Necr/Summ      Unusable   N/A       N/A         7
 Infestation              Necr           Unusable   N/A       N/A         8

Dungeon Overview and Level Annotations

Branches:
Dungeon (7/15)             Temple (1/1) D:5           Sewer (visited)

Altars:
Ashenzari
Dithmenos
Elyvilon
Fedhas
Gozag
Hepliaklqana
Kikubaaqudgha
Nemelex Xobeh
Okawaru
Qazlal
Ru
Trog
Uskayaw
Vehumet
Wu Jian
Xom

Shops:
D:1 =   D:4 ?   D:5 [:[

Annotations:
Temple 2 transporters


Innate Abilities, Weirdness & Mutations

You are immune to sickness and miasma.
Your stone body is resilient. (AC +6)
You are immune to poison.
You resist negative energy. (rN+)
You are resistant to electric shocks. (rElec)
You are resistant to unholy torment.
You are immune to petrification.
You have a pair of small horns on your head.
Your spells are a little harder to cast, but a little more powerful.


Message History

You block the orc warrior's attack.
You barely miss the orc warrior.
The orc warrior is moderately wounded.
The orc warrior barely misses you.
You slash the orc warrior!
The orc warrior is heavily wounded.
The orc warrior closely misses you.
You barely miss the orc warrior.
The orc warrior is heavily wounded.
You block the orc warrior's attack. The orc warrior closely misses you.
You closely miss the orc warrior.
The orc warrior is heavily wounded.
The orc warrior closely misses you.
You barely miss the orc warrior. You headbutt the orc warrior.
The orc warrior is heavily wounded.
You block the orc warrior's attack.
You closely miss the orc warrior.
You headbutt the orc warrior, but do no damage.
The orc warrior is heavily wounded.
The orc warrior hits you but does no damage.
You hit the orc warrior but do no damage.
The orc warrior is heavily wounded.
You block the orc warrior's attack. x2
You barely miss the orc warrior.
You headbutt the orc warrior, but do no damage.
The orc warrior is heavily wounded.
The orc warrior hits you with a +0 glaive!
* * * LOW HITPOINT WARNING * * *
You closely miss the orc warrior.
The orc warrior is heavily wounded.
The orc warrior hits you with a +0 glaive.
* * * LOW HITPOINT WARNING * * *
You closely miss the orc warrior.
You headbutt the orc warrior, but do no damage.
The orc warrior is heavily wounded.
You block the orc warrior's attack.
You closely miss the orc warrior. You headbutt the orc warrior.
The orc warrior is severely wounded.
The orc warrior hits you with a +0 glaive!
You die...

####+##+# ##.....##.
####....##.####.....##.
#.............#......#.
#.............#......#.
#....?........'...>..#.
##.....###...##.....###
.##.....####+###.#######
......).).....#.........
.......@).....#.........
.......o......#.........
..............#.........
..............#.........
..............#.........
.###...###....####...###
#### ....# #### .....


You could see an orc warrior.

Vanquished Creatures
  Sigmund (D:5)
  A water moccasin (D:7)
  An ogre (D:5)
  2 centaurs (D:5)
  A phantom (D:4)
  A bullfrog (D:6)
  2 scorpions
  6 jellies
  An orc priest (D:7)
  2 hounds
  A sleepcap (D:6)
  3 iguanas (D:6)
  9 orc wizards
  A scorpion zombie (D:4)
  A hound zombie (D:4)
  A hound skeleton (D:4)
  A howler monkey zombie (D:4)
  A river rat (Sewer)
  6 adders
  3 shadow imps
  2 adder skeletons (D:4)
  An adder zombie (D:4)
  4 worms
  3 dart slugs (D:2)
  14 orcs
  15 endoplasms
  10 giant cockroaches
  10 hobgoblins
  7 kobolds
  A quokka (D:2)
  9 ball pythons
  4 bats
  8 frilled lizards
  8 goblins
  A jackal zombie (D:4)
  13 rats
155 creatures vanquished.

Vanquished Creatures (others)
  A plant (D:4)
  A withered plant (D:4)
2 creatures vanquished.

Grand Total: 157 creatures vanquished

Notes
Turn   | Place    | Note
-------+----------+-------------------------------------------
     0 | D:1      | bande the Gargoyle Fighter began the quest for the Orb.
     0 | D:1      | Reached XP level 1. HP: 14/14 MP: 1/1
    42 | D:1      | Found a faded altar of an unknown god.
   115 | D:1      | Reached skill level 2 in Axes
   144 | D:1      | Reached XP level 2. HP: 19/19 MP: 2/2
   378 | D:1      | Found Xixohoh's Jewellery Shoppe.
   530 | D:1      | Reached XP level 3. HP: 23/23 MP: 3/3
   753 | D:2      | Found a stormy altar of Qazlal.
   845 | D:2      | Reached XP level 4. HP: 28/28 MP: 4/4
   905 | D:2      | Reached skill level 3 in Axes
  1296 | D:3      | Identified a scroll of acquirement
  1296 | D:3      | Acquired the +5 cloak of Xuahutz {rF+}
  1321 | D:3      | Found a hide-covered altar of Uskayaw.
  1988 | D:4      | Found a glowing drain.
  2001 | D:4      | Found Ritwen's Magic Scroll Emporium.
  2041 | Sewer    | Entered a sewer
  2111 | Sewer    | Reached XP level 5. HP: 31/32 MP: 5/5
  2163 | Sewer    | Reached skill level 1 in Evocations
  2283 | Sewer    | Found a viscous altar of Jiyva.
  2294 | Sewer    | Reached skill level 4 in Axes
  2294 | Sewer    | Reached XP level 6. HP: 23/38 MP: 6/6
  2669 | D:4      | Reached XP level 7. HP: 43/43 MP: 7/7
  2698 | D:4      | Reached skill level 5 in Axes
  2809 | D:4      | Gained mutation: Armour fits poorly on your strangely
                  | shaped body. [potion of mutation]
  2809 | D:4      | Gained mutation: You are robust. (+10% HP) [potion of
                  | mutation]
  2809 | D:4      | Gained mutation: Your large and strong wings let you fly.
                  | [potion of mutation]
  2810 | D:4      | Lost mutation: You are robust. (+10% HP) [potion of
                  | mutation]
  2810 | D:4      | Lost mutation: Your large and strong wings let you fly.
                  | [potion of mutation]
  2810 | D:4      | Lost mutation: Armour fits poorly on your strangely shaped
                  | body. [potion of mutation]
  2810 | D:4      | Gained mutation: You are occasionally teleported next to
                  | monsters. [potion of mutation]
  2810 | D:4      | Gained mutation: You are partially covered in iridescent
                  | scales. (AC +2) [potion of mutation]
  2811 | D:4      | Lost mutation: You are partially covered in iridescent
                  | scales. (AC +2) [potion of mutation]
  2811 | D:4      | Lost mutation: You are occasionally teleported next to
                  | monsters. [potion of mutation]
  2811 | D:4      | Gained mutation: You have a pair of small horns on your
                  | head. [potion of mutation]
  2811 | D:4      | Gained mutation: Your spells are a little harder to cast,
                  | but a little more powerful. [potion of mutation]
  3217 | D:5      | Entered Level 5 of the Dungeon
  3292 | D:5      | Found an opulent altar of Gozag.
  3407 | D:5      | Found Beissov's Armour Shoppe.
  3432 | D:5      | Found Fystreche's Book Boutique.
  3433 | D:5      | Found Nussaliug's Armour Shoppe.
  3468 | D:5      | Found a staircase to the Ecumenical Temple.
  3483 | Temple   | Entered the Ecumenical Temple
  3483 | Temple   | Found a transporter.
  3483 | Temple   | Found a transporter.
  3485 | Temple   | Found a transporter.
  3485 | Temple   | Found a transporter.
  3497 | Temple   | Became a worshipper of Warmaster Okawaru
  3602 | D:5      | Reached skill level 1 in Invocations
  3602 | D:5      | Reached XP level 8. HP: 23/48 MP: 8/8
  3765 | D:5      | Reached skill level 6 in Axes
  3861 | D:5      | Reached skill level 5 in Armour
  4308 | D:5      | Noticed Sigmund
  4315 | D:5      | Killed Sigmund
  4425 | D:6      | Reached * piety under Okawaru
  4456 | D:6      | Acquired a +1 broad axe of electrocution
  4542 | D:6      | Reached skill level 5 in Fighting
  5014 | D:7      | Reached skill level 7 in Axes
  5014 | D:7      | Reached XP level 9. HP: 24/54 MP: 4/11
  5032 | D:7      | Slain by an orc warrior

Illustrated notes

Levels and vault maps discovered:
D:1:      dpeg_arrival_houses_and_road, layout_rooms, serial_shops,
          nicolae_shop_gaudy_bauble, hellmonk_ecumenical_altar_slurped_away,
          grunt_decor_arrowhead, minmay_pentomino_r2
D:2:      kennysheep_the_goblin_king, layout_basic, basic_altar,
          minmay_misc_feat_alley, minmay_pentomino_pile
D:3:      layout_basic, nicolae_uskayaw_murder_on_the_dancefloor, serial_forest,
          infiniplex_forest_straight_2, infiniplex_forest_straight_5,
          infiniplex_forest_join, infiniplex_forest_lined_3,
          infiniplex_forest_lined_room_
D:4:      layout_loops_cross, serial_shops, nicolae_shop_tiny_waterfront,
          serial_undead, serial_undead_c, serial_undead_d, serial_undead_b,
          serial_undead_d, serial_undead_b, gup_sewer_entry_glass,
          chequers_big_river, minmay_a_box_with_orc_wizards_in_it
D:5:      layout_gridville, overflow_temple_1_default, temple_fountains,
          nicolae_wooded_promenade, uniq_sigmund
D:6:      layout_basic, overflow_temple_1_default, lemuel_doored_altar,
          gammafunk_ghost_grave
D:7:      layout_gridville, overflow_temple_1_default
Temple:   hellmonk_temple_divided_pantheon

Skill      XL: |  1  2  3  4  5  6  7  8 |
---------------+-------------------------+-----
Axes           | 2 3 4 5 7 |  7.0
Armour         | 4 5 |  5.4
Evocations     | 1 2 3 |  3.8
Fighting       | 4 5 |  5.2
Shields        | 4 |  4.6
Invocations    | 1 3 |  3.0
Dodging        | |  0.2

Action                     |  1- 3 |  4- 6 |  7- 9 || total
---------------------------+-------+-------+-------++-------
  Melee: War axe           |   109 |   199 |   103 ||   411
         Headbutt          |       |       |    28 ||    28
         Broad axe         |       |       |    58 ||    58
    Use: Scroll            |     5 |    10 |     2 ||    17
         Potion            |       |       |     4 ||     4
 Armour: Scale mail        |    56 |   150 |   112 ||   318
  Dodge: Dodged            |    53 |    86 |    87 ||   226
  Block: Buckler           |    20 |    50 |    48 ||   118

Table legend: (Time is in decaauts)
 A = Elapsed time spent in this place.
 B = Non-inter-level travel time spent in this place.
 C = Inter-level travel time spent in this place.
 D = Time resting spent in this place.
 E = Time spent auto-exploring this place.
 F = Levels seen in this place.
 G = Mean time per level.
                   A        B        C        D        E       F      G
               +--------+--------+--------+--------+--------+-----+--------+
         Total |   5233 |   4970 |    263 |      0 |   3601 |   9 |  581.4 |
       Dungeon |   4679 |   4416 |    263 |      0 |   3319 |   7 |  668.4 |
        Temple |     32 |     32 |      0 |      0 |      0 |   1 |   32.0 |
         Sewer |    521 |    521 |      0 |      0 |    282 |   1 |  521.0 |
               +--------+--------+--------+--------+--------+-----+--------+

Top non-repeatable levels by time:
     D:5: 1136 daAuts
     D:4: 991 daAuts
     D:2: 647 daAuts
     D:3: 627 daAuts
     D:1: 597 daAuts
   Sewer: 521 daAuts
     D:6: 466 daAuts
     D:7: 213 daAuts
  Temple: 32 daAuts
